 Dungeon Crawl Stone Soup version 0.32-a0-558-g233958a4c4 (webtiles) character file.

Game seed: 14253822557827623831

252 senseless the Trooper (level 6, -2/49 HPs)
             Began as a Coglin Fighter on Mar 1, 2024.
             Was an Initiate of Okawaru.
             Slain by Grinder (6 damage)
             ... while paralysed by Grinder
             ... on level 3 of the Dungeon.
             The game lasted 00:04:11 (2207 turns).

senseless the Trooper (Coglin Fighter)              Turns: 2207, Time: 00:04:12

Health: -2/49      AC: 10    Str: 18    XL:     6   Next: 13%
Magic:  6/6        EV:  2    Int:  7    God:    Okawaru [......]
Gold:   164        SH:  0    Dex: 14    Spells: 5/5 levels left

rFire   . . .        a - +0 war axe {Somchai}
rCold   . . .        c - +0 buckler
rNeg    . . .        p - +0 chain mail
rPois   .            (no helmet)
rElec   .            (no cloak)
rCorr   .            r - +0 pair of gloves
SInv    .            (no boots)
Will    .....        (amulet unavailable) Stlth
                     (ring unavailable)
HPRegen 0.28/turn    (ring unavailable)
MPRegen 0.10/turn    (no gizmo)

%: no passive effects
@: paralysed, mighty, revving
A: off-hand wielding, slow wielding, warmup strikes, no jewelry
a: Invent Gizmo, Renounce Religion


You were on level 3 of the Dungeon.
You worshipped Okawaru.
Okawaru was noncommittal.
You visited 1 branch of the dungeon, and saw 3 of its levels.

You collected 164 gold pieces.

Inventory:

Hand Weapons
 a - a +0 war axe (weapon) {Somchai}
Missiles
 q - a throwing net
Armour
 c - a +0 buckler (worn)
 p - a +0 chain mail (worn)
 r - a +0 pair of gloves (worn)
Scrolls
 b - a scroll of teleportation {unknown}
 h - a scroll of fog {unknown}
 i - 2 scrolls of immolation {unknown}
 k - 3 scrolls of identify {unknown}
 l - a scroll of blinking {unknown}
Potions
 e - 2 potions of curing {unknown}
 f - 3 potions of lignification {unknown}
 g - a potion of mutation {unknown}
 j - a potion of degeneration {unknown}
 m - 2 potions of heal wounds {unknown}
 n - a potion of berserk rage {unknown}
 o - a potion of ambrosia {unknown}


   Skills:
 + Level 4.6 Fighting
 + Level 3.9 Axes
 + Level 4.0 Armour
 - Level 2.1 Shields


You had 5 spell levels left.
You didn't know any spells.
Your spell library was empty.

Dungeon Overview and Level Annotations

Branches:
Dungeon (3/15)

Altars:
Cheibriados
Kikubaaqudgha
Okawaru
Qazlal
Ru
Sif Muna
Wu Jian
Xom

Annotations:
D:3 Grinder


Innate Abilities, Weirdness & Mutations

You can wield a second weapon in your off-hand.
It takes a long time for you to wield or remove held weapons.
Your first few attacks do less damage.
You cannot equip rings or amulets.


Message History

You hit the ball python but do no damage.
You barely miss the goblin.
The ball python bites you but does no damage.
The ball python constricts you. The goblin hits you with a +0 dagger.
You feel very mighty all of a sudden.
The ball python bites you but does no damage.
The ball python constricts you. The goblin hits you but does no damage.
The ball python bites you. The ball python constricts you.
You slice the goblin!!
You kill the goblin!
Okawaru accepts your kill.
You slash the ball python!
You kill the ball python!
Okawaru accepts your kill.
You slash Grinder!
Grinder is moderately wounded.
Grinder gestures at you. Pain shoots through your body! Grinder hits you!
You writhe in agony.
You completely miss Grinder.
Grinder is moderately wounded.
Grinder grins, showing sharp teeth.
Grinder hits you but does no damage.
You hit Grinder.
Grinder is moderately wounded.
Grinder gestures at you.
You suddenly lose the ability to move!
Grinder gestures at you. Pain shoots through your body!
* * * LOW HITPOINT WARNING * * *
A hobgoblin comes into view.
The hobgoblin shouts!
Grinder says, "DUCK!"
Grinder gestures at you. Pain shoots through your body!
* * * LOW HITPOINT WARNING * * *
Grinder hits you.
* * * LOW HITPOINT WARNING * * *
You writhe in agony.
You die...
Grinder sighs, "Dead already?
I want a refund."

###........#
......g...# #
..........# #.
.........# #.#
#........#
#.####.......#
###......5.....#
#.....##.@.....# ###
##.# #.##...###...
##.####..# #.......#
......#..###.##...##
..#..........##..##
#..<#.#.##..###.##
...##.#.##..###..
##.##.#.......###
##.##.####..#.#


You could see Grinder and a hobgoblin.

Vanquished Creatures
  2 bombardier beetles (D:3)
  An iguana (D:3)
  Jessica (D:2)
  2 adders (D:2)
  4 gnolls (D:3)
  2 dart slugs
  A ribbon worm (D:2)
  An orc (D:3)
  9 ball pythons
  5 endoplasms
  3 giant cockroaches
  6 goblins
  5 hobgoblins
  10 jackals
  A quokka (D:1)
  7 bats
  5 frilled lizards
  7 kobolds
  4 rats
76 creatures vanquished.

Notes
Turn   | Place    | Note
-------+----------+-------------------------------------------
     0 | D:1      | senseless the Coglin Fighter began the quest for the Orb.
     0 | D:1      | Reached XP level 1. HP: 18/18 MP: 1/1
   236 | D:1      | Reached XP level 2. HP: 24/24 MP: 2/2
   497 | D:1      | Reached XP level 3. HP: 28/29 MP: 3/3
   993 | D:2      | Reached XP level 4. HP: 23/37 MP: 4/4
  1145 | D:2      | Noticed Jessica
  1152 | D:2      | Killed Jessica
  1512 | D:3      | Found an ancient bone altar of Kikubaaqudgha.
  1525 | D:3      | Reached XP level 5. HP: 24/42 MP: 5/5
  1619 | D:3      | Found a sacrificial altar of Ru.
  1620 | D:3      | Found a stormy altar of Qazlal.
  1620 | D:3      | Found a shimmering blue altar of Sif Muna.
  1620 | D:3      | Found a shimmering altar of Xom.
  1621 | D:3      | Found an ornate altar of the Wu Jian Council.
  1622 | D:3      | Found an iron altar of Okawaru.
  1641 | D:3      | Became a worshipper of Warmaster Okawaru
  1901 | D:3      | Found a snail-covered altar of Cheibriados.
  1908 | D:3      | Reached XP level 6. HP: 31/49 MP: 6/6
  2193 | D:3      | Noticed Grinder
  2204 | D:3      | Paralysed by Grinder for 5 turns
  2207 | D:3      | Slain by Grinder

Illustrated notes

Levels and vault maps discovered:
D:1:      saegor_arrival_simple_a, layout_loops_ring, minmay_box_of_dots
D:2:      layout_rooms, uniq_jessica
D:3:      layout_loops_ring, grunt_temple_overflow_open, slow_altar_1,
          grunt_decor_junction, uniq_grinder

Skill      XL: |  1  2  3  4  5 |
---------------+----------------+-----
Armour         | 3 4 |  4.0
Axes           | 3 |  3.9
Fighting       | 4 |  4.6
Shields        | |  2.1

Action                     |  1- 3 |  4- 6 || total
---------------------------+-------+-------++-------
  Melee: War axe           |    92 |   108 ||   200
    Use: Potion            |       |     1 ||     1
 Armour: Scale mail        |    86 |    36 ||   122
         Chain mail        |       |    82 ||    82
  Dodge: Dodged            |    59 |    49 ||   108
  Block: Buckler           |    29 |    22 ||    51

Table legend: (Time is in decaauts)
 A = Elapsed time spent in this place.
 B = Non-inter-level travel time spent in this place.
 C = Inter-level travel time spent in this place.
 D = Time resting spent in this place.
 E = Time spent auto-exploring this place.
 F = Levels seen in this place.
 G = Mean time per level.
                   A        B        C        D        E       F      G
               +--------+--------+--------+--------+--------+-----+--------+
         Total |   2285 |   2207 |     78 |      0 |   1717 |   3 |  761.7 |
       Dungeon |   2285 |   2207 |     78 |      0 |   1717 |   3 |  761.7 |
               +--------+--------+--------+--------+--------+-----+--------+

Top non-repeatable levels by time:
     D:1: 848 daAuts
     D:3: 720 daAuts
     D:2: 716 daAuts
